 Dungeon Crawl Stone Soup version 0.29-a0-821-g6639535 (webtiles) character file.

Game seed: 7891414207414711868

1645 Illumine the Cleaver (level 8, -7/73 HPs)
             Began as a Minotaur Fighter on July 7, 2022.
             Was an Initiate of Makhleb.
             Killed from afar by Maggie (15 damage)
             ... with a bolt of fire
             ... on level 6 of the Dungeon.
             The game lasted 00:03:53 (4956 turns).

Illumine the Cleaver (Minotaur Fighter)             Turns: 4956, Time: 00:03:54

Health: -7/73      AC:  7    Str: 23    XL:     8   Next: 67%
Magic:  7/7        EV: 10    Int:  5    God:    Makhleb [......]
Gold:   258        SH:  4    Dex: 10    Spells: 7/7 levels left

rFire   . . .      SeeInvis .   a - +0 war axe
rCold   . . .      Faith    .   c - +0 buckler
rNeg    . . .      Spirit   .   n - +1 ring mail {rPois}
rPois   +          Reflect  .   (helmet restricted)
rElec   .          Harm     .   (no cloak)
rCorr   .          Rampage  .   (no gloves)
Will    .....                   (no boots)
Stlth   ..........              (no amulet)
HPRegen 0.22/turn               (no ring)
MPRegen 0.10/turn               (no ring)

@: mighty, weakened
A: horns 2, retaliatory headbutt
a: Renounce Religion


You were on level 6 of the Dungeon.
You worshipped Makhleb.
Makhleb was noncommittal.
You visited 2 branches of the dungeon, and saw 7 of its levels.

You collected 258 gold pieces.

Inventory:

Hand Weapons
 a - a +0 war axe (weapon)
Armour
 c - a +0 buckler (worn)
 f - a +0 chain mail
 n - a +1 ring mail of poison resistance (worn)
Wands
 b - a wand of flame (18)
 o - a wand of iceblast (9)
 v - a wand of charming (8)
Scrolls
 e - 4 scrolls of noise {unknown}
 h - 9 scrolls of identify {unknown}
 i - a scroll of enchant armour {unknown}
 j - 3 scrolls of fear {unknown}
 k - 3 scrolls of acquirement {unknown}
 m - 2 scrolls of fog {unknown}
 p - a scroll of teleportation {unknown}
 r - a scroll of silence {unknown}
 t - 3 scrolls of immolation {unknown}
 u - a scroll of magic mapping {unknown}
 x - 3 scrolls of amnesia {unknown}
 y - a scroll of blinking {unknown}
Potions
 g - a potion of resistance
 l - a potion of curing


   Skills:
 + Level 7.4 Fighting
 * Level 9.6 Axes
 + Level 7.5 Armour
 - Level 4.0 Shields


You had 7 spell levels left.
You didn't know any spells.
Your spell library contained the following spells:

 Spells                   Type           Power      Damage    Failure   Level
 Magic Dart               Conj           0%         1d3       71%         1
 Call Imp                 Summ           0%         N/A       83%         2
 Gell's Gravitas          Tloc           0%         N/A       97%         3
 Mephitic Cloud           Conj/Pois/Air  0%         N/A       97%         3
 Teleport Other           Tloc           0%         N/A       97%         3
 Dispersal                Tloc           0%         N/A       100%        6


Dungeon Overview and Level Annotations

Branches:
Dungeon (6/15)             Temple (1/1) D:6

Altars:
Ashenzari
Cheibriados
Dithmenos
Elyvilon
Fedhas
Gozag
Hepliaklqana
Makhleb
Nemelex Xobeh
Qazlal
Ru
Trog
Uskayaw
Wu Jian
Xom
Yredelemnul
Zin
The Shining One

Shops:
D:5 :

Annotations:
D:4 4 runed translucent doors, Crazy Yiuf; Dega's ghost, amateur SpHu
D:6 Maggie


Innate Abilities, Weirdness & Mutations

You have a pair of horns on your head.
You reflexively headbutt those who attack you in melee.


Message History

Maggie mumbles some strange words.
Maggie attempts to bespell you! You resist with almost no effort.
You slash Maggie!
Maggie is lightly wounded.
You miss the adder.
You feel sick.
Maggie shouts, "Leave me alone!"
Maggie closely misses you. The adder bites you but does no damage.
Unknown command.
You closely miss Maggie.
Maggie is lightly wounded.
You barely miss the adder.
You feel sick. You block the adder's attack.
Maggie gestures wildly while chanting.
Maggie attempts to bespell you! You resist with some effort.
The adder closely misses you.
Unknown command.
You slash Maggie! Your headbutt misses Maggie.
Maggie is moderately wounded.
You hit the adder but do no damage.
You feel sick. Maggie barely misses you. The adder barely misses you.
You furiously retaliate!
You headbutt the adder.
Unknown command.
You barely miss Maggie.
Maggie is moderately wounded.
You hit the adder.
You kill the adder!
Makhleb accepts your kill.
You feel sick.
A wight comes into view.
It is wielding a +1 halberd of freezing.
Maggie gestures at you while chanting. The bolt of fire hits you!!
* * * LOW HITPOINT WARNING * * *
Maggie closely misses you.
The gnoll bouda gazes fiercely through you!
You feel as though you will be weak longer.
Okay, then.
You feel very mighty all of a sudden.
You feel sick.
You are no longer poisoned.
Maggie casts a spell at you. The bolt of fire hits you!
You die...

#.#.......#.....# #
#.....รท......#..# #
##.#...>......#..# ### .
#......)[......... ..#
....####$.#.......#..##.# #.#
.......[......)......##.# #.#
.......[#.#.#...#.#.###.# #.#
..#...#.#...........##.#.##.#
#...#..###.@.######..###.#.#
#...#T..# #@..#####..#.......
.#...#....g##.......###......
..#...#.##z #######..#.......
.... ...##. ##...##.... ..
##.###.#.# . #.# #.#.# #.#
#.#.# #.# #.#..


You could see Maggie, a gnoll bouda and a wight.

Vanquished Creatures
  A troll (D:6)
  Menkaure (D:6)
  A steam dragon (D:6)
  A water moccasin (D:5)
  An orc warrior (D:5)
  A sky beast (D:6)
  2 phantoms (D:5)
  A necrophage (D:6)
  A bullfrog (D:6)
  4 scorpions
  A gnoll sergeant (D:5)
  A jelly (D:4)
  2 orc priests (D:4)
  Terence (D:3)
  2 iguanas (D:5)
  3 orc wizards
  Ijyb (D:3)
  5 gnolls (D:5)
  5 adders
  5 ufetubi
  An adder zombie (D:4)
  A worm (D:3)
  4 dart slugs
  7 orcs
  4 bats
  5 endoplasms
  3 giant cockroaches
  10 goblins
  4 hobgoblins
  4 jackals (D:2)
  A quokka (D:2)
  7 ball pythons
  5 frilled lizards
  8 kobolds
  A quokka zombie (D:4)
  5 rats
110 creatures vanquished.

Vanquished Creatures (others)
  An orc wizard (D:6)
1 creature vanquished.

Grand Total: 111 creatures vanquished

Notes
Turn   | Place    | Note
-------+----------+-------------------------------------------
     0 | D:1      | Illumine the Minotaur Fighter began the quest for the Orb.
     0 | D:1      | Reached XP level 1. HP: 19/19 MP: 0/0
    68 | D:1      | Reached XP level 2. HP: 26/27 MP: 1/1
   241 | D:1      | Found a faded altar of an unknown god.
   498 | D:1      | Reached skill level 3 in Axes
   631 | D:2      | Reached XP level 3. HP: 27/33 MP: 2/2
  1119 | D:2      | Found a hide-covered altar of Uskayaw.
  1359 | D:3      | Found a hide-covered altar of Uskayaw.
  1375 | D:3      | Reached XP level 4. HP: 20/40 MP: 3/3
  1533 | D:3      | Reached skill level 4 in Axes
  1550 | D:3      | Found a broken altar of Ashenzari.
  1699 | D:3      | Noticed Terence
  1705 | D:3      | Killed Terence
  1989 | D:3      | Found a shimmering altar of Xom.
  2040 | D:3      | Noticed Ijyb
  2051 | D:3      | Killed Ijyb
  2144 | D:3      | Found a shadowy altar of Dithmenos.
  2226 | D:4      | Reached XP level 5. HP: 47/47 MP: 4/4
  2379 | D:4      | HP: 2/47 [orc priest/+0 hand axe (3)]
  2380 | D:4      | Reached skill level 5 in Axes
  2683 | D:4      | Found a blossoming altar of Fedhas.
  2683 | D:4      | Found a glowing silver altar of Zin.
  2766 | D:4      | Found a runed translucent gate.
  2766 | D:4      | Found a runed translucent gate.
  2766 | D:4      | Found a runed translucent gate.
  2766 | D:4      | Noticed Dega's ghost (amateur SpHu)
  2768 | D:4      | Found a basalt altar of Yredelemnul.
  2781 | D:4      | Reached skill level 5 in Armour
  2798 | D:4      | Reached skill level 5 in Fighting
  2798 | D:4      | Reached XP level 6. HP: 55/56 MP: 5/5
  2991 | D:4      | Found a runed translucent door.
  2992 | D:4      | Noticed Crazy Yiuf
  3040 | D:4      | Found a sparkling altar of Nemelex Xobeh.
  3196 | D:5      | Entered Level 5 of the Dungeon
  3209 | D:5      | Reached skill level 6 in Axes
  3237 | D:5      | Noticed an orc warrior
  3247 | D:5      | Killed an orc warrior
  3248 | D:5      | Reached XP level 7. HP: 42/61 MP: 6/6
  3457 | D:5      | HP: 3/62 [gnoll/+1 whip of freezing[a gnoll sergeant] (1)]
  3760 | D:5      | Reached skill level 7 in Axes
  3830 | D:5      | Found Cihel's Book Shoppe.
  4198 | D:5      | Found a glowing golden altar of the Shining One.
  4223 | D:5      | Reached skill level 8 in Axes
  4318 | D:5      | Found an opulent altar of Gozag.
  4496 | D:6      | Found a staircase to the Ecumenical Temple.
  4511 | D:6      | Reached XP level 8. HP: 68/71 MP: 7/7
  4519 | Temple   | Entered the Ecumenical Temple
  4533 | Temple   | Became a worshipper of Makhleb the Destroyer
  4560 | D:6      | Noticed Menkaure
  4573 | D:6      | Noticed a troll
  4576 | D:6      | Killed Menkaure
  4577 | D:6      | Reached skill level 9 in Axes
  4879 | D:6      | Killed a troll
  4947 | D:6      | Noticed Maggie
  4956 | D:6      | Killed from afar by Maggie

Illustrated notes

Levels and vault maps discovered:
D:1:      roderic_crossed_star, layout_basic, dreamdust_ecumenical_altar_statues
D:2:      layout_rooms, basic_altar
D:3:      layout_basic, mainiacjoe_overflow_surrounded_room,
          grunt_dithmenos_smoke, mainiacjoe_overflow_catwalk,
          old_standard_altar, uniq_terence, uniq_ijyb
D:4:      layout_basic, nicolae_yredelemnul_ghost_church, kennysheep_mini,
          gammafunk_temple_overflow_wave, uniq_crazy_yiuf_cottage
D:5:      layout_rooms, nicolae_gozag_seed_capital, lemuel_doored_altar,
          serial_shops, shop
D:6:      cheibrodos_fzero, layout_loops_ring, lemuel_blue_sif_altar,
          minmay_temple_entry_glass, uniq_menkaure, uniq_maggie
Temple:   eino_temple_lava

Skill      XL: |  1  2  3  4  5  6  7  8 |
---------------+-------------------------+-----
Axes           | 3 4 5 6 8 9 |  9.6
Fighting       | 4 5 6 7 |  7.4
Armour         | 4 5 6 7 |  7.5
Shields        | 4 |  4.0

Action                   |  1- 3 |  4- 6 |  7- 9 || total
-------------------------+-------+-------+-------++-------
Melee: War axe           |    93 |    85 |   104 ||   282
       Headbutt          |     5 |    12 |    15 ||    32
Evoke: Wand              |       |       |     1 ||     1
  Use: Potion            |       |     4 |     6 ||    10
Armor: Scale mail        |     4 |       |       ||     4
       Chain mail        |    46 |    51 |    17 ||   114
       Ring mail         |       |       |    47 ||    47
Dodge: Dodged            |    29 |    37 |    75 ||   141
Block: Buckler           |    23 |    20 |    35 ||    78

Table legend: (Time is in decaauts)
 A = Elapsed time spent in this place.
 B = Non-inter-level travel time spent in this place.
 C = Inter-level travel time spent in this place.
 D = Time resting spent in this place.
 E = Time spent auto-exploring this place.
 F = Levels seen in this place.
 G = Mean time per level.
                   A        B        C        D        E       F      G
               +--------+--------+--------+--------+--------+-----+--------+
         Total |   5033 |   4881 |    152 |    837 |   3234 |   7 |  719.0 |
       Dungeon |   4721 |   4576 |    145 |    550 |   3229 |   6 |  786.8 |
        Temple |    312 |    305 |      7 |    287 |      5 |   1 |  312.0 |
               +--------+--------+--------+--------+--------+-----+--------+

Top non-repeatable levels by time:
     D:4: 1279 daAuts
     D:5: 951 daAuts
     D:3: 895 daAuts
     D:2: 756 daAuts
     D:1: 600 daAuts
  Temple: 312 daAuts
     D:6: 237 daAuts
